 Seeded DCSS version 0.30-a0-187-gd9c2deaf24 (webtiles) character file.

Game seed: 9095365819192982192 (custom seed)

33 Nerdsrcool the Chiller (level 3, 0/26 HPs)
             Began as a Draconian Ice Elementalist on Oct 3, 2022.
             Was a Believer of Zin.
             Slain by an iron imp (8 damage)
             ... summoned by Natasha
             ... on level 2 of the Dungeon.
             The game lasted 00:06:21 (1485 turns).

Nerdsrcool the Chiller (Draconian Ice Elementalist) Turns: 1485, Time: 00:06:21

Health: 0/26       AC:  5    Str: 13    XL:     3   Next: 12%
Magic:  4/6        EV: 12    Int: 16    God:    Zin [**....]
Gold:   52         SH:  0    Dex: 12    Spells: 5/6 levels left

rFire   . . .      SeeInvis .    c - +1 dagger
rCold   . . .      Faith    .    (no shield)
rNeg    . . .      Spirit   .    (body armour unavailable)
rPois   ∞          Reflect  .    (helmet restricted)
rElec   .          Harm     .    (no cloak)
rCorr   .          Rampage  .    (no gloves)
Will    .....                    (no boots)
Stlth   ++........               (no amulet)
HPRegen 0.24/turn                (no ring)
MPRegen 0.10/turn                (no ring)

@: vitalised
A: AC +5, unfitting armour, cold-blooded
a: Renounce Religion, Recite, Vitalisation, Donate Gold


You were on level 2 of the Dungeon.
You worshipped Zin.
Zin was pleased with you.
You visited 1 branch of the dungeon, and saw 2 of its levels.

You collected 81 gold pieces.
You donated 29 gold pieces to Zin.

Inventory:

Hand Weapons
 c - a +1 dagger (weapon)
Missiles
 b - 22 stones
Armour
 g - a +0 leather armour
Jewellery
 d - a +6 ring of dexterity
Scrolls
 e - a scroll of identify {unknown}
Potions
 a - a potion of magic
 f - a potion of haste {unknown}


   Skills:
 + Level 2.1 Dodging
 + Level 2.0 Stealth
 + Level 2.2 Spellcasting
 + Level 4.6 Ice Magic


You had 5 spell levels left.
You knew the following spells:

 Your Spells              Type           Power      Damage    Failure   Level
a - Freeze                Ice            64%        1d8       3%          1

Your spell library contained the following spells:

 Spells                   Type           Power      Damage    Failure   Level
 Frozen Ramparts          Ice            32%        1d5       10%         3
 Ozocubu's Armour         Ice            16%        N/A       10%         3
 Sting                    Tmut/Pois      4%         1d3       21%         1
 Poisonous Vapours        Pois/Air       2%         N/A       30%         2
 Dazzling Flash           Conj/Hex       2%         N/A       52%         3
 Summon Ice Beast         Ice/Summ       9%         N/A       61%         4
 Olgreb's Toxic Radiance  Pois           1%         N/A       90%         4
 Agony                    Necr           1%         N/A       99%         5
 Silence                  Hex/Air        0%         N/A       99%         5


Dungeon Overview and Level Annotations

Branches:
Dungeon (2/15)

Altars:
Zin

Annotations:
D:2 Natasha


Innate Abilities, Weirdness & Mutations

Your plain brown scales are hard. (AC +5)
You cannot fit into any form of body armour.
You are cold-blooded and may be slowed by cold attacks.


Message History

You are too injured to fight recklessly!
You are too injured to fight recklessly!
You are too injured to fight recklessly!
You are too injured to fight recklessly!
You are too injured to fight recklessly!
You are too injured to fight recklessly!
You are too injured to fight recklessly!
You are too injured to fight recklessly!
You are too injured to fight recklessly!
You are too injured to fight recklessly!
You are too injured to fight recklessly!
You are too injured to fight recklessly!
You are too injured to fight recklessly!
You are too injured to fight recklessly!
You are too injured to fight recklessly!
You are too injured to fight recklessly!
You are too injured to fight recklessly!
You are too injured to fight recklessly!
You are too injured to fight recklessly!
You are too injured to fight recklessly!
You are too injured to fight recklessly!
You are too injured to fight recklessly!
You are too injured to fight recklessly!
You are too injured to fight recklessly!
You are too injured to fight recklessly!
You are too injured to fight recklessly!
You are too injured to fight recklessly!
You are too injured to fight recklessly!
You are too injured to fight recklessly!
You are too injured to fight recklessly!
You hit the iron imp but do no damage.
The iron imp is lightly wounded.
Natasha claws you but does no damage. The iron imp hits you!
Zin protects you from harm!
You barely miss Natasha.
Natasha stares at you and mumbles some strange words.
You resist with significant effort.
The iron imp shouts, "Give in, thou peeagling milk-livered mammet!"
The iron imp hits you!
You die...

#....# #########.#
#.#.############.#
#.#.............#.
#.############.###
#.############....
#..............#.#
#..####..........#
#..# #.#####..###
#@.# #.# #.....
#5h####)#####.####
#5........÷.....†.
##5##########.####
#.# #.# #.# #.# .#
#.# .# #.# ..#


You could see an iron imp (summoned), Natasha, a crimson imp (summoned) and a
white imp (summoned).

Vanquished Creatures
  An adder (D:2)
  A dart slug (D:1)
  2 bats
  2 endoplasms (D:2)
  3 hobgoblins
  2 kobolds
  3 quokkas
  2 ball pythons (D:1)
  2 frilled lizards
  A goblin (D:1)
  3 rats
22 creatures vanquished.

Notes
Turn   | Place    | Note
-------+----------+-------------------------------------------
     0 | D:1      | Nerdsrcool the Draconian Ice Elementalist began the quest
                  | for the Orb.
     0 | D:1      | Reached XP level 1. HP: 14/14 MP: 3/3
   401 | D:1      | Reached XP level 2. HP: 20/20 MP: 5/5
   665 | D:1      | Found a faded altar of an unknown god.
   669 | D:1      | Prayed at the altar of an unknown god.
   669 | D:1      | Became a worshipper of Zin the Law-Giver
   669 | D:1      | Reached * piety under Zin
   673 | D:1      | Donated 21 gold pieces to Zin
  1235 | D:2      | Reached XP level 3. HP: 5/26 MP: 6/6
  1473 | D:2      | Noticed Natasha
  1476 | D:2      | Reached ** piety under Zin
  1484 | D:2      | Zin protects you from harm!
  1485 | D:2      | Slain by an iron imp

Illustrated notes

Levels and vault maps discovered:
D:1:      tarquinn_simple_flora_water_e, layout_basic, basic_ecumenical_altar,
          minmay_tree_intersection, skrybe_limestone_x
D:2:      layout_loops_ring, basic_altar, uniq_natasha

Skill      XL: |  1  2 |
---------------+-------+-----
Dodging        | 2 |  2.1
Stealth        | 2 |  2.0
Spellcasting   | |  2.2
Ice Magic      | |  4.6

Action                   || total
-------------------------++-------
Melee: Dagger            ||    90
       Unarmed           ||     1
       Tailslap          ||    10
 Cast: Freeze            ||    12
Invok: Donate Gold       ||     1
       Vitalisation      ||     1
  Use: Scroll            ||     2
 Stab: Sleeping          ||     3
Armor: Skin              ||    24
Dodge: Dodged            ||    67

Table legend: (Time is in decaauts)
 A = Elapsed time spent in this place.
 B = Non-inter-level travel time spent in this place.
 C = Inter-level travel time spent in this place.
 D = Time resting spent in this place.
 E = Time spent auto-exploring this place.
 F = Levels seen in this place.
 G = Mean time per level.
                   A        B        C        D        E       F      G
               +--------+--------+--------+--------+--------+-----+--------+
         Total |   1484 |   1463 |     21 |     80 |    933 |   2 |  742.0 |
       Dungeon |   1484 |   1463 |     21 |     80 |    933 |   2 |  742.0 |
               +--------+--------+--------+--------+--------+-----+--------+

Top non-repeatable levels by time:
     D:1: 1037 daAuts
     D:2: 446 daAuts
